 Dungeon Crawl Stone Soup version 0.29.0-11-gd7f09526c8 (webtiles) character file.

Game seed: 11536473323683374341

4214 SensoryNuts the Cleaver (level 10, -5/76 HPs)
             Began as a Demonspawn Fighter on Sept 6, 2022.
             Slain by a death yak (15 damage)
             ... on level 9 of the Dungeon.
             The game lasted 00:08:44 (9581 turns).

SensoryNuts the Cleaver (Demonspawn Fighter)        Turns: 9581, Time: 00:08:45

Health: -5/76      AC:  9    Str: 21    XL:     10   Next: 9%
Magic:  10/10      EV: 10    Int:  9    God:
Gold:   374        SH:  5    Dex: 13    Spells: 9/9 levels left

rFire   . . .      SeeInvis .   a - +1 war axe (spect)
rCold   . . .      Faith    .   c - +0 buckler
rNeg    . . .      Spirit   .   b - +1 scale mail
rPois   .          Reflect  .   (helmet restricted)
rElec   .          Harm     .   (no cloak)
rCorr   .          Rampage  .   (no gloves)
Will    .....                   (no boots)
Stlth   ..........              u - amulet of regeneration
HPRegen 1.02/turn               (no ring)
MPRegen 0.12/turn               (no ring)

@: about to teleport
A: antennae 1, hooves 1, powered by death 2, demonic touch 1
a: no special abilities


You were on level 9 of the Dungeon.
You visited 2 branches of the dungeon, and saw 10 of its levels.

You collected 611 gold pieces.
You spent 237 gold pieces at shops.

Inventory:

Hand Weapons
 a - a +1 spectral war axe (weapon)
 f - a +2 war axe of flaming
Missiles
 q - a throwing net (quivered)
Armour
 b - a +1 scale mail (worn)
 c - a +0 buckler (worn)
Jewellery
 g - an amulet of faith
 h - an amulet of reflection
 i - an amulet of the acrobat
 u - an amulet of regeneration (around neck)
 v - a ring of resist corrosion
Scrolls
 l - 6 scrolls of teleportation
 n - 2 scrolls of torment
 p - a scroll of enchant armour
 r - 4 scrolls of enchant weapon
 y - a scroll of brand weapon
 z - a scroll of silence {unknown}
 B - a scroll of magic mapping
Potions
 d - a potion of resistance
 e - 2 potions of curing
 j - a potion of magic
 k - 2 potions of degeneration
 m - 2 potions of haste
 o - 2 potions of attraction
 s - a potion of mutation
 t - a potion of cancellation
 w - a potion of might
 x - 2 potions of flight
 A - a potion of brilliance {unknown}


   Skills:
 + Level 6.1 Fighting
 + Level 8.7 Axes
 + Level 8.3 Armour
 + Level 3.2 Dodging
 + Level 1.3 Stealth
 + Level 3.9 Shields


You had 9 spell levels left.
You didn't know any spells.
Your spell library contained the following spells:

 Spells                   Type           Power      Damage    Failure   Level
 Sandblast                Erth           0%         2d4       77%         1
 Summon Small Mammal      Summ           0%         N/A       77%         1
 Ensorcelled Hibernation  Hex/Ice        0%         N/A       88%         2
 Passwall                 Tmut/Erth      0%         N/A       88%         2
 Sublimation of Blood     Necr           0%         N/A       88%         2
 Call Canine Familiar     Summ           0%         N/A       98%         3
 Spider Form              Tmut/Pois      0%         N/A       98%         3
 Stone Arrow              Conj/Erth      0%         3d7       98%         3
 Summon Guardian Golem    Hex/Summ       0%         N/A       98%         3
 Anguish                  Hex/Necr       0%         N/A       100%        4
 Olgreb's Toxic Radiance  Pois           0%         N/A       100%        4
 Petrify                  Tmut/Erth      0%         N/A       100%        4
 Irradiate                Conj/Tmut      0%         3d11      100%        5
 Ozocubu's Refrigeration  Ice            0%         4d7       100%        7
 Ignition                 Fire           0%         3d3       100%        8


Dungeon Overview and Level Annotations

Branches:
Dungeon (9/15)             Temple (1/1) D:4            Lair (0/5) D:9
    Orc: D:9-12

Altars:
Ashenzari
Cheibriados
Dithmenos
Fedhas
Gozag
Kikubaaqudgha
Nemelex Xobeh
Okawaru
Qazlal
Ru
Sif Muna
Trog
Uskayaw
Vehumet
Wu Jian
Yredelemnul

Shops:
D:3 (   D:7 *

Annotations:
D:5 2 transporters


Innate Abilities, Weirdness & Mutations

You have a pair of small antennae on your head.
You have large cloven feet.
You regenerate health from kills.
Your touch may inflict minor irresistible damage on your foes.


Message History

The death yak gores you!
A death yak comes into view.
You slash the death yak!
The death yak is lightly wounded.
Your +1 spectral war axe hits the death yak!
The death yak gores you.
You hit the death yak.
You kick the death yak, but do no damage.
The death yak is moderately wounded.
Your +1 spectral war axe hits the death yak!
The death yak gores you!
You slash the death yak! You kick the death yak.
The death yak is heavily wounded.
Your +1 spectral war axe hits the death yak!
Your +1 spectral war axe hits the death yak.
The death yak gores you!
The death yak gores your +1 spectral war axe!!
Your spectral weapon shares its damage with you!
You are too injured to fight recklessly!
Unknown command.
You are too injured to fight recklessly!
The death yak attacks as you move away! The death yak gores you!
* * * LOW HITPOINT WARNING * * *
There is an open door, spattered with blood here.
Things that are here:
a +3 dagger of chaos; a +0 robe The death yak attacks as you move away!
The death yak gores you.
* * * LOW HITPOINT WARNING * * *
As you read the scroll of teleportation, it crumbles to dust.
You feel strangely unstable. The death yak gores you!
* * * LOW HITPOINT WARNING * * *
Okay, then.
You feel much better.
The death yak gores you but does no damage.
The death yak attacks as you move away! The death yak closely misses you.
The death yak attacks as you move away! The death yak gores you!
* * * LOW HITPOINT WARNING * * *
The death yak snorts and paws the ground.
The death yak attacks as you move away! The death yak gores you!
You die...

........######..........
........# #....#####.
........# #....# #(
........# #.#### #.
#####...######.+ #.
#..........# #.
#..........# #.
#..........# ..
#.Y@.......# ..
########YY.......##
.................#
...#+##Y#####....#
#.$.Y.Y..#....#
#....ยง.........
#....#.Y.......
#..............
#........Y)#.


You could see 5 death yaks.

Vanquished Creatures
  Psyche (D:9)
  Prince Ribbit (D:9)
  A wyvern (D:8)
  Eustachio (D:5)
  Menkaure (D:5)
  4 ice beasts
  2 orc warriors
  A sky beast (D:8)
  3 ogres
  2 centaurs
  A phantom (D:4)
  Blork the orc (D:5)
  A scorpion (D:5)
  3 bullfrogs
  2 necrophages
  A gnoll sergeant (D:8)
  11 wights
  2 howler monkeys (D:8)
  6 orc priests
  2 hounds
  2 jellies (D:4)
  A gnoll bouda (D:4)
  2 iguanas
  Terence (D:2)
  11 orc wizards
  Robin (D:2)
  15 gnolls
  6 adders
  A shadow imp (D:5)
  A white imp (D:5)
  4 ufetubi
  A dart slug (D:4)
  25 orcs
  13 endoplasms
  2 giant cockroaches
  15 goblins
  13 hobgoblins
  7 jackals
  6 kobolds
  2 quokkas
  10 ball pythons
  4 bats
  4 frilled lizards
  6 rats
  A spectral orc (D:5)
201 creatures vanquished.

Notes
Turn   | Place    | Note
-------+----------+-------------------------------------------
     0 | D:1      | SensoryNuts the Demonspawn Fighter began the quest for the
                  | Orb.
     0 | D:1      | Reached XP level 1. HP: 18/18 MP: 1/1
   267 | D:1      | Discovered your monstrous ancestry.
   267 | D:1      | Gained mutation: You have a pair of small antennae on your
                  | head. [demonic ancestry]
   267 | D:1      | Reached XP level 2. HP: 24/24 MP: 2/2
   279 | D:1      | Found a faded altar of an unknown god.
   828 | D:1      | Reached XP level 3. HP: 28/29 MP: 3/3
  1431 | D:2      | Noticed Robin
  1485 | D:2      | Killed Robin
  1486 | D:2      | Reached XP level 4. HP: 10/35 MP: 4/4
  1487 | D:2      | HP: 1/35 [hobgoblin (3)]
  2051 | D:2      | Noticed Terence
  2064 | D:2      | Killed Terence
  2921 | D:2      | Gained mutation: Your touch may inflict minor irresistible
                  | damage on your foes. [demonic ancestry]
  2921 | D:2      | Reached XP level 5. HP: 33/41 MP: 5/5
  3154 | D:3      | Found Jewe's Weapon Shop.
  4063 | D:4      | Noticed an ice beast
  4068 | D:4      | Killed an ice beast
  4069 | D:4      | Reached skill level 1 in Dodging
  4069 | D:4      | Reached XP level 6. HP: 35/48 MP: 6/6
  4198 | D:4      | Found a staircase to the Ecumenical Temple.
  4266 | D:4      | Found a stormy altar of Qazlal.
  4423 | D:4      | Reached XP level 7. HP: 42/54 MP: 7/7
  4623 | D:4      | Reached skill level 5 in Axes
  5135 | Temple   | Entered the Ecumenical Temple
  5269 | D:5      | Entered Level 5 of the Dungeon
  5279 | D:5      | Found a transporter.
  5472 | D:5      | Found a transporter.
  5476 | D:5      | Noticed a fire bat
  5657 | D:5      | Reached skill level 5 in Armour
  5924 | D:5      | Reached skill level 1 in Stealth
  5924 | D:5      | Gained mutation: You have large cloven feet. [demonic
                  | ancestry]
  5924 | D:5      | Reached XP level 8. HP: 55/61 MP: 8/8
  6017 | D:5      | Noticed Blork the orc
  6018 | D:5      | Noticed Menkaure
  6023 | D:5      | Killed Blork the orc
  6029 | D:5      | Killed Menkaure
  6210 | D:5      | Noticed Eustachio
  6213 | D:5      | Killed Eustachio
  6402 | D:5      | Found a basalt altar of Yredelemnul.
  6502 | D:3      | Bought a +2 war axe of flaming for 237 gold pieces
  7603 | D:7      | Gained mutation: You regenerate a little health from kills.
                  | [demonic ancestry]
  7603 | D:7      | Reached XP level 9. HP: 67/67 MP: 9/9
  7626 | D:7      | Reached skill level 5 in Fighting
  7699 | D:7      | Found Yhelas's Overcharged Wands.
  7866 | D:7      | Found an opulent altar of Gozag.
  9149 | D:8      | Found a radiant altar of Vehumet.
  9157 | D:8      | Found a hide-covered altar of Uskayaw.
  9161 | D:8      | Found a blossoming altar of Fedhas.
  9282 | D:8      | Found a broken altar of Ashenzari.
  9406 | D:9      | Noticed Prince Ribbit
  9412 | D:9      | Killed Prince Ribbit
  9486 | D:9      | Gained mutation: You regenerate health from kills. [demonic
                  | ancestry]
  9486 | D:9      | Reached XP level 10. HP: 68/76 MP: 10/10
  9563 | D:9      | Noticed Psyche
  9567 | D:9      | Killed Psyche
  9569 | D:9      | Found a staircase to the Lair.
  9569 | D:9      | Noticed a death yak
  9570 | D:9      | Noticed a death yak
  9570 | D:9      | Noticed a death yak
  9571 | D:9      | Noticed a death yak
  9571 | D:9      | Noticed a death yak
  9578 | D:9      | HP: 3/76 [death yak (17)]
  9581 | D:9      | Slain by a death yak

Illustrated notes

Levels and vault maps discovered:
D:1:      roderic_chinese_lattice_arrival, layout_basic,
          hellmonk_ecumenical_altar_run_dry, minmay_misc_feat_encased,
          corexii_leaking_fountain, chequers_serial_rivers_small_3,
          minmay_tromino_v2
D:2:      layout_loops_ring, minmay_pentomino_pile, uniq_robin, uniq_terence
D:3:      layout_loops_ring, serial_shops, nicolae_shop_behind_doors
D:4:      layout_rooms, mainiacjoe_overflow_six_doors_small,
          mainiacjoe_overflow_brackets, minmay_temple_entry_slanted
D:5:      gammafunk_cloud_chamber, layout_basic,
          yredelemnul_forgotten_temple_becter, hangedman_decor_growths,
          uniq_eustachio, uniq_blork_the_orc, uniq_menkaure
D:6:      layout_basic
D:7:      layout_basic, nicolae_gozag_seed_capital,
          nicolae_shop_overcharged_wands
D:8:      layout_basic, cheibrodos_ashenzari_chains,
          minmay_overflow_temple_star_quad
D:9:      layout_irregular_city, mainiacjoe_overflow_boulevard,
          dpeg_lair_monsters, uniq_joseph, uniq_prince_ribbit1, uniq_psyche
Temple:   nicolae_temple_bog_church

Skill      XL: |  1  2  3  4  5  6  7  8  9 |
---------------+----------------------------+-----
Axes           | 2 3 4 5 7 8 |  8.7
Armour         | 3 4 5 6 8 |  8.3
Shields        | 3 |  3.9
Dodging        | 1 2 3 |  3.2
Fighting       | 4 6 |  6.1
Stealth        | 1 |  1.3

Action                   |  1- 3 |  4- 6 |  7- 9 | 10-12 || total
-------------------------+-------+-------+-------+-------++-------
Melee: War axe           |   119 |   137 |   204 |     7 ||   467
       Kick              |       |       |    52 |     2 ||    54
  Use: Scroll            |     4 |     9 |     5 |     1 ||    19
       Potion            |     1 |     1 |     8 |     1 ||    11
Armor: Scale mail        |    66 |    69 |    71 |     2 ||   208
Dodge: Dodged            |    55 |    55 |    89 |     2 ||   201
Block: Buckler           |    33 |    21 |    52 |       ||   106
